 Dungeon Crawl Stone Soup version 0.20-a0-830-g2c9a30d (webtiles) character file.

205 M4edhros the Chopper (level 5, 0/47 HPs)
             Began as a Minotaur Berserker on Mar 7, 2017.
             Was a Follower of Trog.
             Slain by an orc
             ... wielding a +0 war axe
              (6 damage)
             ... on level 5 of the Dungeon.
             The game lasted 00:01:32 (279 turns).

M4edhros the Chopper (Minotaur Berserker)            Turns: 279, Time: 00:01:33

Health: 0/47       AC:  5    Str: 22    XL:     5   Next: 52%
Magic:  4/4        EV: 12    Int:  4    God:    Trog [*.....]
Gold:   46         SH:  0    Dex: 10    Spells: 4/4 levels left

rFire    + . .     SeeInvis .   a - +0 hand axe
rCold    + . .     Gourm    .   n - +0 ring mail
rNeg     . . .     Faith    .   (no shield)
rPois    +         Spirit   .   (helmet restricted)
rElec    +         Reflect  .   (no cloak)
rCorr    +         Harm     .   (no gloves)
MR       +....     Rnd*Tele +   (no boots)
Stlth    ..........             (no amulet)
Regen    0.6/turn               (no ring)
MPRegen  0.1/turn               (no ring)

@: exhausted, resistant, slowed, drained, very slow
A: retaliatory headbutt, horns 2, magic resistance 1, poison resistance,
regeneration 1, teleportitis 1
a: Berserk, Burn Spellbooks, Renounce Religion


You were on level 5 of the Dungeon.
You worshipped Trog.
Trog was aware of your devotion.
You were not hungry.

You visited 1 branch of the dungeon, and saw 5 of its levels.

You collected 46 gold pieces.

Inventory:

Hand Weapons
 a - a +0 hand axe (weapon)
 j - a +0 blowgun
Missiles
 k - 12 poisoned needles
Armour
 b - a +0 animal skin
 n - a +0 ring mail (worn)
Wands
 p - a wand of random effects (27/48)
Scrolls
 d - a scroll of identify {unknown}
 e - a scroll of recharging {unknown}
 i - a scroll of noise {unknown}
 l - a scroll of enchant armour {unknown}
 m - a scroll of remove curse {unknown}
Comestibles
 c - 3 bread rations
 h - 3 fruits


   Skills:
 + Level 4.6(4.0) Fighting
 * Level 5.5(4.9) Axes
 + Level 3.7(3.2) Armour
 + Level 3.5(3.0) Dodging


You had 4 spell levels left.
You didn't know any spells.

Dungeon Overview and Level Annotations

Branches:
Dungeon (5/15)
 Temple: D:4-7

Altars:
Ashenzari
Yredelemnul

Annotations:
D:5 Edmund


Innate Abilities, Weirdness & Mutations

You reflexively headbutt those who attack you in melee.
You have a pair of horns on your head.
You are resistant to hostile enchantments. (MR+)
Your system is resistant to poisons. (rPois)
Your natural rate of healing is unusually fast.
You are occasionally teleported next to monsters.


Message History

Edmund looks slightly unstable.
Evoking this partially-identified wand wasted a few charges.
The orc seems less confused.
Edmund closely misses you. x2
You barely miss the orc. You barely miss Edmund.
Edmund disappears!
Edmund reappears nearby!
The orc hits you with a war axe.
* * * LOW HITPOINT WARNING * * *
You hit the orc.
The orc is heavily wounded.
You hit Edmund but do no damage. The orc hits you but does no damage.
Edmund hits you with a flail of draining!
* * * LOW HITPOINT WARNING * * *
You feel drained.
* * * LOW HITPOINT WARNING * * *
The shadow imp barely misses you.
Evoke which item? (* to show all) (? for menu, Esc to quit)
Okay, then.
You hit the orc but do no damage.
The orc is heavily wounded.
You hit the shadow imp. You hit Edmund. The orc hits you with a war axe.
You die...

......#######
............#
#..........#
#...(.....#
#.........#
#.........+
#.........#
#....5....# #
#.....@@..# .
#....o†...# .
###..†).### . ##+#+###
#.....'. .
#......####....### .
+......'...........
.###......############
.<......#.#
..#.#####.#


You could see Edmund, a shadow imp and an orc.

Vanquished Creatures
  Eustachio (D:5)
  A howler monkey (D:5)
  A dart slug (D:2)
  2 orcs (D:5)
  2 goblins
  2 jackals (D:2)
  2 quokkas (D:5)
  2 frilled lizards
  2 kobolds (D:3)
15 creatures vanquished.

Notes
Turn   | Place    | Note
-------+----------+-------------------------------------------
     0 | D:1      | M4edhros the Minotaur Berserker began the quest for the Orb.
     0 | D:1      | Reached XP level 1. HP: 19/19 MP: 0/0
    76 | D:2      | Reached XP level 2. HP: 27/27 MP: 1/1
   132 | D:3      | Found a shattered altar of Ashenzari.
   135 | D:3      | Found a basalt altar of Yredelemnul.
   224 | D:5      | Entered Level 5 of the Dungeon
   240 | D:5      | Noticed Eustachio
   244 | D:5      | Noticed a howler monkey
   247 | D:5      | Reached skill level 4 in Axes
   256 | D:5      | Killed a howler monkey
   256 | D:5      | Reached XP level 3. HP: 9/33 MP: 2/2
   257 | D:5      | Killed Eustachio
   257 | D:5      | Reached skill level 5 in Axes
   257 | D:5      | Reached XP level 4. HP: 12/41 MP: 3/3
   257 | D:5      | Reached XP level 5. HP: 14/47 MP: 4/4
   271 | D:5      | Noticed Edmund
   274 | D:5      | Gained mutation: You are resistant to hostile enchantments. (MR+) [potion of mutation]
   274 | D:5      | Gained mutation: You are occasionally teleported next to monsters. [potion of mutation]
   274 | D:5      | Gained mutation: Your natural rate of healing is unusually fast. [potion of mutation]
   274 | D:5      | Gained mutation: Your system is resistant to poisons. (rPois) [potion of mutation]
   279 | D:5      | Slain by an orc

Vault maps used:
D:1:      mainiacjoe_arrival_reflecting_pool
D:2:      led_sif_pool
D:3:      grunt_temple_overflow_open
D:4:      minmay_temple_entry_poolview, lemuel_angel_altar, uniq_menkaure,
          uniq_crazy_yiuf_cottage
D:5:      marbit_many_paths, kiku_gazebo_garden_becter, first_bread,
          minmay_misc_feat_chi, trog_three_pillars_becter, uniq_edmund,
          uniq_prince_ribbit1, uniq_eustachio

Skill      XL: |  1  2  3 |
---------------+----------+-----
Axes           | 4 5 |  5.5
Fighting       | 4 |  4.6
Armour         | 3 |  3.7
Dodging        | 3 |  3.5

Action                   |  1- 3 |  4- 6 || total
-------------------------+-------+-------++-------
Melee: Hand axe          |    28 |     5 ||    33
       Headbutt          |     4 |       ||     4
Invok: Berserk           |     1 |       ||     1
Evoke: Wand              |       |     3 ||     3
  Use: Potion            |       |     3 ||     3
Armor: Ring mail         |    10 |     4 ||    14
Dodge: Dodged            |    21 |     9 ||    30
